[Event "Titled Tuesday Blitz April 4 Late 2023"]
[White "Shapiro, Viktor"]
[Black "Averjanov, Alexey"]
[WhiteFideId "4175700"]
[BlackFideId "14109867"]
[WhiteElo "2152"]
[BlackElo "2630"]
[Result "1-0"]
[Round "09"]
[TimeControl "180+2"]
[Date "2023.04.04"]
[WhiteClock "0:00:16"]
[BlackClock "0:00:22"]

1. Nf3 d5 2. g3 Nf6 3. Bg2 e6 4. d3 c5 5. O-O Nc6 6. Nbd2 g6 7. c4 d4 8. a3 a5 9. Rb1 b6 10. Nxd4 cxd4 11. Bxc6+ Bd7 12. Bg2 Bg7 13. b4 axb4 14. axb4 O-O 15. Nf3 Bc6 16. Bb2 Ne8 17. Qb3 e5 18. Ra1 Nc7 19. Rxa8 Qxa8 20. Ra1 Qb8 21. b5 Bb7 22. Ng5 h6 23. Bxb7 Qxb7 24. Ne4 Ne6 25. Ra6 f5 26. c5 fxe4 27. Qxe6+ Kh7 28. Rxb6 Qa8 29. Qxg6+ Kh8 30. Ra6 Qd5 31. Ra7 Rg8 32. Qxe4 Qxc5 33. Rb7 Qb4 34. Bxd4 Qxd4 35. Qg6 Qb2 36. e3 Qb1+ 37. Kg2 Qb4 38. b6 Qf8 39. Rc7 Qd8 40. Qf7 Qxd3 41. b7 Qe4+ 42. Kh3 Qb4 43. Rc8 Rf8 44. Rxf8+ Bxf8 45. Qc7 h5 46. b8=Q Qg4+ 47. Kg2 Qe4+ 48. f3 Qf5 49. Qxe5+ Qxe5 50. Qxe5+ Bg7 51. Qe4 Kg8 52. f4 Kf7 53. Kf3 Bf6 54. h3 h4 55. g4 Bg7 56. g5 Kg8 57. Kg4 Kh8 58. Qf5 Kg8 59. e4 Bf8 60. e5 Bg7 61. e6 Bf8 62. Qf7+ Kh8 63. g6 Bg7 64. f5 Ba1 65. Qh7# 1-0


[Site "https://www.chess.com"]

[Event "Titled Tuesday Blitz April 4 Late 2023"]
[White "Vlassov, Nikolai"]
[Black "Erzhanov, Arman"]
[WhiteFideId "4103360"]
[BlackFideId "4138821"]
[WhiteElo "2324"]
[BlackElo "2138"]
[Result "0-1"]
[Round "09"]
[TimeControl "180+2"]
[Date "2023.04.04"]
[WhiteClock "0:00:06"]
[BlackClock "0:00:14"]

1. e4 d6 2. f4 d5 3. exd5 Qxd5 4. Nc3 Qa5 5. Nf3 Nf6 6. d4 Bg4 7. h3 Bxf3 8. Qxf3 Nc6 9. Bb5 O-O-O 10. Bxc6 bxc6 11. Qxc6 Qb6 12. Qa8+ Qb8 13. Qxb8+ Kxb8 14. Be3 e6 15. O-O-O Bb4 16. Ne2 Nd5 17. Bf2 h5 18. Rd3 Bd6 19. Rf3 g6 20. c4 Nf6 21. Bh4 Be7 22. Rd1 Rd7 23. Rfd3 c6 24. Nc3 Rhd8 25. Bf2 Bd6 26. Be3 h4 27. Ne2 Nh5 28. Rf1 Ng7 29. Rf3 Nf5 30. Bf2 Be7 31. Kc2 Bf6 32. g4 hxg3 33. Nxg3 Nxd4+ 34. Bxd4 Bxd4 35. Ne2 Bg7 36. b4 Kc7 37. a4 Bf8 38. Kc3 Bxb4+ 39. Kxb4 Rxd3 40. Rf1 Rd2 41. Nc3 Rb8+ 42. Kc5 Rc2 43. Nd1 Rb3 44. f5 exf5 45. Re1 Kd7 46. Ne3 Rcc3 47. Ng2 Rf3 48. Rd1+ Rbd3 49. Rb1 Rb3 50. Rd1+ Rfd3 51. Re1 g5 52. h4 f6 53. hxg5 fxg5 54. Re5 Rf3 55. Ne1 Rf4 56. Re2 Rc3 57. Rd2+ Kc7 58. Re2 Rcxc4# 0-1


[Site "https://www.chess.com"]

[Event "Titled Tuesday Blitz April 4 Late 2023"]
[White "Poliakova, Varvara"]
[Black "QuiesPrecatio"]
[WhiteFideId "13518313"]
[WhiteElo "2075"]
[BlackElo "2465"]
[Result "1-0"]
[Round "09"]
[TimeControl "180+2"]
[Date "2023.04.04"]
[WhiteClock "0:01:24"]
[BlackClock "0:01:39"]

1. e4 c5 2. Nf3 Nc6 3. d4 cxd4 4. Nxd4 Nf6 5. Nc3 e5 6. Ndb5 d6 7. Bg5 a6 8. Na3 b5 9. Nd5 Be7 10. Bxf6 Bxf6 11. c3 Bb7 12. Nc2 Ne7 13. Nce3 Bg5 14. Qd3 O-O 15. g3 Bxe3 16. fxe3 Bxd5 17. exd5 f5 18. Bg2 Qb6 19. O-O e4 20. Qd2 Rac8 21. Rad1 Rc5 22. Qc2 Kh8 23. Bxe4 Rc4 24. Rd4 Rxd4 25. exd4 Re8 26. Bxf5 Nxd5 27. Bxh7 Qd8 28. Bg6 Ne3 29. Qe2 Nxf1 30. Qh5+ Kg8 31. Qh7+ Kf8 32. Qh8+ Ke7 33. Qxg7+ Ke6 34. Qf7# 1-0


[Site "https://www.chess.com"]

[Event "Titled Tuesday Blitz April 4 Late 2023"]
[White "Goroshkov, Maksym"]
[Black "WindWhistler11"]
[WhiteFideId "14142716"]
[WhiteElo "2322"]
[BlackElo "2459"]
[Result "1-0"]
[Round "09"]
[TimeControl "180+2"]
[Date "2023.04.04"]
[WhiteClock "0:00:32"]
[BlackClock "0:00:12"]

1. e4 e6 2. d4 d5 3. exd5 exd5 4. c4 Nf6 5. Nc3 Bb4 6. Nf3 Nc6 7. Be2 dxc4 8. Bxc4 O-O 9. O-O Bg4 10. Be3 Ne7 11. Be2 Nf5 12. Ne5 Nxe3 13. fxe3 Be6 14. Bd3 c5 15. Ne4 Nxe4 16. Bxe4 cxd4 17. exd4 Qb6 18. Kh1 Bd6 19. Rf4 h6 20. Bc2 Bxe5 21. dxe5 Qxb2 22. Rb1 Qxe5 23. Re4 Qd5 24. Rd4 Qxa2 25. Rxb7 Rac8 26. Rd2 a5 27. Bh7+ Kxh7 28. Rxa2 Bxa2 29. h3 Be6 30. Ra7 Rc5 31. Qd2 Rb8 32. Rxa5 Rb1+ 33. Kh2 Rcc1 34. Qd3+ g6 35. Ra3 Rh1+ 36. Kg3 Rhd1 37. Qc3 Rb5 38. Kh2 Bd5 39. Ra7 Rdb1 40. Rd7 R1b3 41. Qf6 Rb2 42. Rxd5 1-0


[Site "https://www.chess.com"]

[Event "Titled Tuesday Blitz April 4 Late 2023"]
[White "Kukula, Pawel"]
[Black "Mendez Fortes, Eduardo Jesus"]
[WhiteFideId "1115081"]
[BlackFideId "3502376"]
[WhiteElo "2012"]
[BlackElo "2307"]
[Result "0-1"]
[Round "09"]
[TimeControl "180+2"]
[Date "2023.04.04"]
[WhiteClock "0:00:25"]
[BlackClock "0:00:29"]

1. d4 Nf6 2. Nf3 d5 3. e3 e6 4. Bd3 c5 5. Nbd2 b6 6. b3 Bd6 7. Bb2 O-O 8. O-O Nc6 9. Ne5 Bb7 10. f4 Qc7 11. Rf3 cxd4 12. exd4 Nb4 13. Rh3 Nxd3 14. cxd3 Rfc8 15. Rc1 Qe7 16. Rxc8+ Rxc8 17. g4 g6 18. g5 Ne8 19. Ndf3 Qc7 20. Ne1 Ng7 21. Qg4 Bb4 22. Qh4 Nh5 23. Ng4 Bxe1 24. Qxe1 Qxf4 25. Nf6+ Nxf6 26. gxf6 Rc2 27. Ba3 Qxf6 28. Qh4 Qxh4 29. Rxh4 Rxa2 30. Be7 Rd2 31. Bf6 Ba6 32. Rf4 Rxd3 33. b4 Rb3 34. Rf2 Bc4 35. h4 Rxb4 36. h5 Rb1+ 37. Kh2 Rf1 38. Rxf1 Bxf1 39. hxg6 hxg6 40. Bd8 b5 41. Kg3 Bd3 42. Ba5 Kf8 43. Kf4 Ke7 44. Ke5 f6+ 45. Kf4 g5+ 46. Kg4 Kf7 47. Bb4 Kg6 48. Kf3 Be4+ 49. Ke3 f5 50. Bd6 f4+ 51. Kf2 Kf5 52. Ke1 g4 53. Kd2 g3 54. Ke1 Kg4 55. Be5 f3 56. Kf1 Bd3+ 57. Kg1 f2+ 58. Kg2 f1=Q# 0-1


[Site "https://www.chess.com"]

[Event "Titled Tuesday Blitz April 4 Late 2023"]
[White "Janaszak, Dawid"]
[Black "Moore, Nicholas"]
[WhiteFideId "1119206"]
[BlackFideId "4303709"]
[WhiteElo "2220"]
[BlackElo "2449"]
[Result "0-1"]
[Round "09"]
[TimeControl "180+2"]
[Date "2023.04.04"]
[WhiteClock "0:00:30"]
[BlackClock "0:00:04"]

1. d4 d5 2. c4 c6 3. Nc3 Nf6 4. Nf3 e6 5. Bg5 Nbd7 6. e3 Qa5 7. Nd2 Bb4 8. Rc1 dxc4 9. Bxf6 Nxf6 10. Nxc4 Qc7 11. Qb3 Be7 12. g3 O-O 13. Bg2 Re8 14. O-O Nd5 15. e4 Nb6 16. Ne5 f6 17. Nd3 Kh8 18. Nc5 Bxc5 19. dxc5 Nd7 20. Ne2 e5 21. f4 b6 22. Qf7 Rf8 23. Qe7 Ba6 24. Rfd1 Rad8 25. Bh3 Rfe8 26. Qf7 Rf8 27. Qh5 Bxe2 28. Qxe2 Nxc5 29. b4 Nb7 30. Rf1 Rd4 31. a3 Nd6 32. Bg2 Nf7 33. Qc2 Rc8 34. Qb3 c5 35. bxc5 bxc5 36. Qe6 c4 37. fxe5 Nxe5 38. Bh3 Rcd8 39. Rxf6 gxf6 40. Qxf6+ Qg7 41. Qh4 Rf8 42. Bg2 Rd2 43. Kh1 Ng4 44. e5 Nxe5 45. h3 Rd3 46. Qe4 Rxa3 47. Re1 Rxg3 48. Re2 Rxg2 49. Rxg2 Qf6 50. Qd4 Qf1+ 51. Kh2 Qf4+ 52. Qxf4 Rxf4 53. Re2 Nf3+ 54. Kg3 Rf8 55. Re7 c3 56. Rc7 Ng5 57. Rc4 Re8 58. h4 Ne4+ 59. Kf4 Kg7 60. Rc6 a5 61. h5 Nf6 62. h6+ Kg6 63. Rxc3 Nd5+ 64. Kg4 Nxc3 0-1


[Site "https://www.chess.com"]

[Event "Titled Tuesday Blitz April 4 Late 2023"]
[White "Harriott, Tyrell"]
[Black "Omelja, Artem"]
[WhiteFideId "2086484"]
[BlackFideId "14119846"]
[WhiteElo "2107"]
[BlackElo "2404"]
[Result "1-0"]
[Round "09"]
[TimeControl "180+2"]
[Date "2023.04.04"]
[WhiteClock "0:00:06"]
[BlackClock "0:00:05"]

1. d4 Nf6 2. e3 b6 3. f4 Bb7 4. Nf3 d6 5. Bd3 g6 6. O-O Bg7 7. Nbd2 O-O 8. f5 Nbd7 9. Qe1 e5 10. fxe6 fxe6 11. Ng5 Qe7 12. Qh4 h6 13. Nge4 g5 14. Nxg5 hxg5 15. Qxg5 e5 16. Qh4 e4 17. Bc4+ d5 18. Bb3 Ba6 19. c4 c6 20. Rf5 Qe6 21. Rg5 dxc4 22. Bc2 Rae8 23. b3 c3 24. Nc4 Nh7 25. Rh5 Qf6 26. Ba3 Qxh4 27. Rxh4 Rf6 28. Nd6 Ref8 29. Nc4 c5 30. Bxe4 b5 31. Bxh7+ Kf7 32. Ne5+ Nxe5 33. dxe5 Rc6 34. Be4 Rc7 35. Rh7 b4 36. Bc1 Kg8 37. g3 Rf1+ 38. Kg2 Rcf7 39. Rh5 R7f2+ 40. Kh3 Bc8+ 41. g4 Rg1 42. Rg5 Kf8 43. Bd5 Bxe5 44. Rxe5 Rxg4 45. Be6 Rgg2 46. Bxc8 Rxh2+ 47. Kg4 Rhg2+ 48. Kh4 Kg7 49. Rg5+ Rxg5 50. Kxg5 Rf1 51. e4 Kf7 52. Bf5 Ke7 53. Kg4 Ke8 54. Bg6+ Kd7 55. Bf5+ Kc6 56. e5 a5 57. e6 Re1 58. Kf4 a4 59. bxa4 c4 60. e7 Rxe7 61. Be3 b3 62. axb3 cxb3 63. Rc1 c2 64. Bxc2 bxc2 65. Rxc2+ Kb7 66. a5 Ka6 67. Bd2 Rf7+ 68. Ke4 Rd7 69. Ke5 Kb7 70. Ke6 Rh7 71. Rb2+ Ka8 72. Rb5 Rh8 73. Rd5 Rg8 74. Ke5 Rh8 75. Kd4 Rh4+ 76. Kc5 Rh8 77. Bb4 Rc8+ 78. Kb5 Rh8 79. Bc5 Kb7 80. a6+ Ka8 81. Bb6 Rg8 82. Bc5 Re8 83. Rd7 Rb8+ 84. Ka5 Rg8 85. Ra7+ Kb8 86. Rb7+ Ka8 87. Rc7 Re8 88. Rc6 Rg8 89. a7 Re8 90. Kb5 Rg8 91. Bb6 Rg5+ 92. Ka6 Rg8 93. Rc7 Re8 94. Rb7 Rg8 95. Rc7 Re8 96. Rd7 Rg8 97. Bc5 Re8 98. Kb5 Rg8 99. Rd5 Re8 100. Bd6 Rg8 101. Bb8 Re8 102. Kc5 Rg8 103. Kc6 Rc8+ 104. Bc7 Rg8 105. Rb5 Rg6+ 106. Bd6 Kxa7 107. Ra5# 1-0


[Site "https://www.chess.com"]

[Event "Titled Tuesday Blitz April 4 Late 2023"]
[White "Fiorito, Joaquin"]
[Black "ArchibaldCerveza29"]
[WhiteFideId "180173"]
[WhiteElo "2157"]
[BlackElo "2433"]
[Result "1-0"]
[Round "09"]
[TimeControl "180+2"]
[Date "2023.04.04"]
[WhiteClock "0:01:20"]
[BlackClock "0:00:05"]

1. d4 d5 2. Nc3 Nf6 3. Bf4 c5 4. e4 dxe4 5. dxc5 Qxd1+ 6. Rxd1 Bf5 7. Nb5 Na6 8. b4 h6 9. Ne2 g5 10. Be5 Bg7 11. Ned4 Bd7 12. c3 O-O 13. Bc4 Rfd8 14. O-O Ng4 15. Bxg7 Kxg7 16. a4 Nf6 17. Rfe1 Kf8 18. h3 h5 19. f3 exf3 20. Nxf3 g4 21. Ne5 Be8 22. hxg4 1-0


[Site "https://www.chess.com"]

[Event "Titled Tuesday Blitz April 4 Late 2023"]
[White "Hajiyev, Kanan"]
[Black "Francisco Guecamburu, Candela Be"]
[WhiteFideId "13404148"]
[BlackFideId "160911"]
[WhiteElo "2103"]
[BlackElo "2326"]
[Result "0-1"]
[Round "09"]
[TimeControl "180+2"]
[Date "2023.04.04"]
[WhiteClock "0:00:06"]
[BlackClock "0:00:16"]

1. d4 Nf6 2. Nf3 c5 3. c3 g6 4. Bf4 Bg7 5. e3 O-O 6. dxc5 Nc6 7. Bd3 Re8 8. Bc2 b6 9. cxb6 axb6 10. O-O e5 11. Bg5 h6 12. Bh4 g5 13. Bg3 d5 14. Ba4 Bb7 15. Bxc6 Bxc6 16. Bxe5 Bb5 17. Re1 g4 18. Bxf6 Qxf6 19. Nd4 Bd7 20. Nd2 h5 21. g3 h4 22. e4 dxe4 23. Rxe4 Rxe4 24. Nxe4 Qg6 25. Nd2 Rd8 26. Qc2 Qh6 27. Re1 Bc8 28. Nf1 hxg3 29. Nxg3 Qh3 30. Qe4 Bxd4 31. cxd4 Be6 32. Nf5 Qh5 33. Ng3 Qh6 34. Nf5 Qg5 35. Ng3 Rc8 36. Qe5 Qh4 37. Qe4 Qg5 38. Qe5 Qd2 39. Qe2 Qxd4 40. b3 Rc3 41. Qe5 Qd2 42. Qe2 Qd4 43. Qf1 Qc5 44. Qg2 Rc2 45. Qf1 Qd4 46. Qe2 Rxe2 47. Nxe2 Qd2 48. Kf1 Bd5 49. Rc1 Bf3 50. Re1 Qd3 51. b4 Kg7 52. a4 f5 53. a5 bxa5 54. bxa5 f4 55. a6 Qxa6 56. h3 gxh3 57. Kg1 Qg6+ 58. Ng3 fxg3 59. Re7+ Kf6 60. Re3 gxf2+ 61. Kxf2 Qg2+ 62. Ke1 Qg1+ 63. Kd2 Qxe3+ 64. Kxe3 h2 65. Kxf3 h1=Q+ 66. Kf4 Qh5 67. Ke3 Qg4 0-1


[Site "https://www.chess.com"]

[Event "Titled Tuesday Blitz April 4 Late 2023"]
[White "Figorito, Nick"]
[Black "Loiacono, Antonio"]
[WhiteFideId "30923689"]
[BlackFideId "895415"]
[WhiteElo "2401"]
[BlackElo "2257"]
[Result "0-1"]
[Round "09"]
[TimeControl "180+2"]
[Date "2023.04.04"]
[WhiteClock "0:00:15"]
[BlackClock "0:00:17"]

1. Nf3 d5 2. g3 g6 3. Bg2 Bg7 4. d4 Nf6 5. O-O O-O 6. c4 dxc4 7. Na3 c6 8. Nxc4 Be6 9. Nce5 Bd5 10. Bd2 Nbd7 11. Bc3 Nxe5 12. Nxe5 Bxg2 13. Kxg2 Qd5+ 14. Kg1 Ne4 15. Nf3 Rfd8 16. e3 Rac8 17. Nd2 c5 18. Nxe4 Qxe4 19. Re1 e6 20. Qa4 cxd4 21. exd4 Qc6 22. Qxa7 Ra8 23. Qc5 Qxc5 24. dxc5 Bxc3 25. bxc3 Rd2 26. a4 Rc2 27. Reb1 Rxc3 28. Rxb7 Rxc5 29. h4 h5 30. Rb4 Kg7 31. Kg2 Rf5 32. Rc1 Rfa5 33. Rcc4 R8a7 34. Rf4 Rc5 35. Rbc4 Rca5 36. Rb4 R5a6 37. Rfc4 Ra5 38. Kf3 R5a6 39. Ke3 Ra5 40. Kd3 e5 41. Kc3 Kf6 42. Kb3 Kf5 43. Rb5 R5a6 44. Rcc5 f6 45. Rc4 Rd6 46. f4 Rd3+ 47. Rc3 Rxc3+ 48. Kxc3 Rxa4 49. fxe5 fxe5 50. Rb6 Rg4 51. Kd2 Rxg3 52. Ke2 Rg4 53. Kf3 Rxh4 54. Rb8 Rh3+ 55. Kg2 Ra3 56. Rf8+ Kg4 57. Kf2 g5 58. Ke2 h4 59. Kf2 Ra2+ 60. Kg1 Kg3 61. Rf5 Ra1+ 62. Rf1 Rxf1+ 63. Kxf1 g4 64. Kg1 e4 65. Kh1 h3 66. Kg1 e3 67. Kf1 h2 68. Ke2 h1=Q 0-1


[Site "https://www.chess.com"]

[Event "Titled Tuesday Blitz April 4 Late 2023"]
[White "Skaric, Djuro"]
[Black "Escanor89"]
[WhiteFideId "934569"]
[WhiteElo "2282"]
[BlackElo "2529"]
[Result "0-1"]
[Round "09"]
[TimeControl "180+2"]
[Date "2023.04.04"]
[WhiteClock "0:00:03"]
[BlackClock "0:00:19"]

1. g3 d5 2. Bg2 c6 3. d3 Nf6 4. Nf3 Bf5 5. O-O h6 6. Nc3 e6 7. Ne5 Nbd7 8. Nxd7 Nxd7 9. e4 Bh7 10. f4 Be7 11. g4 dxe4 12. Nxe4 Nf6 13. Be3 h5 14. Nxf6+ Bxf6 15. g5 Bd4 16. Qf3 Bf5 17. Qf2 Bxe3 18. Qxe3 Qb6 19. Rfe1 O-O-O 20. a4 h4 21. a5 Qxe3+ 22. Rxe3 Kc7 23. Kf2 Rd4 24. Be4 Rhd8 25. Kf3 g6 26. Bxf5 gxf5 27. b3 R8d5 28. c4 Rd8 29. Rd1 b6 30. axb6+ axb6 31. Rd2 Ra8 32. Rb2 Ra1 33. b4 Rf1+ 34. Rf2 Rxf2+ 35. Kxf2 Rxf4+ 36. Ke2 Rg4 37. Rh3 Kd6 38. Ke3 c5 39. b5 Ke5 40. Kd2 Kf4 41. Kc3 Kxg5 42. Re3 Rd4 43. Re1 h3 44. Rg1+ Rg4 45. Ra1 Rd4 46. Ra6 Rd6 47. Ra7 f6 48. Rg7+ Kf4 49. Rg3 e5 50. Rxh3 e4 51. Rh4+ Ke3 52. Rh3+ Ke2 53. dxe4 fxe4 54. Rh6 e3 55. h4 Kd1 56. Rh7 e2 0-1


[Site "https://www.chess.com"]

[Event "Titled Tuesday Blitz April 4 Late 2023"]
[White "Petrovic, Aleksa"]
[Black "micke12a"]
[WhiteFideId "967629"]
[WhiteElo "2309"]
[BlackElo "2364"]
[Result "1/2-1/2"]
[Round "09"]
[TimeControl "180+2"]
[Date "2023.04.04"]
[WhiteClock "0:01:05"]
[BlackClock "0:00:20"]

1. d4 Nf6 2. c4 c5 3. d5 b5 4. cxb5 a6 5. e3 g6 6. Nc3 Bg7 7. e4 O-O 8. a4 Bb7 9. Nf3 e6 10. Be2 exd5 11. exd5 axb5 12. Bxb5 Qe7+ 13. Be3 Ng4 14. Qd2 Bh6 15. Nd1 Re8 16. O-O Nxe3 17. Nxe3 Bxe3 18. fxe3 Qxe3+ 19. Qxe3 Rxe3 20. Rae1 Rxe1 21. Rxe1 Kf8 22. d6 Nc6 23. Bxc6 Bxc6 24. Re7 Rxa4 25. Ne5 f6 26. Nxd7+ Bxd7 27. Rxd7 Rd4 1/2-1/2


[Site "https://www.chess.com"]

[Event "Titled Tuesday Blitz April 4 Late 2023"]
[White "Kirillov, Dmitry"]
[Black "Fonseca Manrique, Enrique"]
[WhiteFideId "34180572"]
[BlackFideId "5114330"]
[WhiteElo "2111"]
[BlackElo "2519"]
[Result "0-1"]
[Round "09"]
[TimeControl "180+2"]
[Date "2023.04.04"]
[WhiteClock "0:00:45"]
[BlackClock "0:01:14"]

1. d4 Nf6 2. c4 c5 3. Nf3 cxd4 4. Nxd4 Nc6 5. Nc3 e6 6. e4 Bb4 7. Qd3 O-O 8. Bd2 d5 9. Nxc6 bxc6 10. e5 Nd7 11. f4 Ba6 12. Qf3 Nb6 13. cxd5 Bxf1 14. Rxf1 cxd5 15. b3 Rc8 16. Qd3 Qh4+ 17. g3 Qxh2 18. O-O-O Bxc3 19. Rh1 Bxd2+ 20. Kb1 Rc3 21. Rxh2 Rxd3 22. Rhxd2 Rxd2 23. Rxd2 Rc8 24. Rc2 Rxc2 25. Kxc2 Kf8 26. Kc3 Ke7 27. Kd4 0-1


[Site "https://www.chess.com"]

[Event "Titled Tuesday Blitz April 4 Late 2023"]
[White "Zeynalli, Rashad"]
[Black "feuervogel1000000"]
[WhiteFideId "13403320"]
[WhiteElo "2125"]
[BlackElo "2292"]
[Result "0-1"]
[Round "09"]
[TimeControl "180+2"]
[Date "2023.04.04"]
[WhiteClock "0:00:14"]
[BlackClock "0:01:50"]

1. d4 Nf6 2. Bf4 e6 3. e3 d5 4. Nd2 Bd6 5. Bg3 O-O 6. Ngf3 c5 7. c3 Qc7 8. Bd3 Nbd7 9. Bh4 b6 10. Qe2 Bb7 11. Rd1 Ne4 12. Bb1 f5 13. Bg3 e5 14. Nxe4 fxe4 15. Ng5 Rae8 16. dxe5 Bxe5 17. c4 h6 18. Nh3 d4 19. Nf4 d3 20. Qd2 Nf6 21. O-O Qf7 22. f3 Qxc4 23. fxe4 Nxe4 24. Qxd3 Qxd3 25. Bxd3 Nxg3 26. hxg3 Bxb2 27. Bc4+ Kh7 28. Bd3+ Be4 29. Bb5 Re7 30. a4 Ref7 31. Bd7 g5 32. Ne6 Rxf1+ 33. Rxf1 Rxf1+ 34. Kxf1 c4 35. Ke2 c3 36. Nd4 c2 37. Nxc2 Bxc2 0-1


[Site "https://www.chess.com"]

[Event "Titled Tuesday Blitz April 4 Late 2023"]
[White "Roebers, Eline"]
[Black "Smith, Garrett L"]
[WhiteFideId "1058401"]
[BlackFideId "2024829"]
[WhiteElo "2516"]
[BlackElo "2335"]
[Result "1/2-1/2"]
[Round "09"]
[TimeControl "180+2"]
[Date "2023.04.04"]
[WhiteClock "0:01:12"]
[BlackClock "0:01:02"]

1. e4 c5 2. Nf3 Nc6 3. d4 cxd4 4. Nxd4 e5 5. Nb5 d6 6. N1c3 a6 7. Na3 Be7 8. Nc4 b5 9. Ne3 Nf6 10. Ned5 O-O 11. Be3 b4 12. Nxf6+ Bxf6 13. Nd5 Bg5 14. Qd2 Bxe3 15. Qxe3 Ne7 16. Bc4 Be6 17. Rd1 Bxd5 18. Bxd5 Nxd5 19. Rxd5 Rc8 20. Qb3 Qc7 21. Rd2 Qc4 22. Qxc4 Rxc4 23. f3 Rfc8 24. Kd1 R8c6 25. Re1 Kf8 26. Re3 Ke7 27. Red3 g6 28. a3 a5 29. Rd5 R4c5 30. a4 f5 31. Ke2 fxe4 32. fxe4 Rxd5 33. exd5 Rc4 34. Ke3 Rf4 35. g3 Rc4 36. Kd3 Rd4+ 37. Ke3 Rc4 38. Kd3 Rd4+ 39. Ke3 Rc4 1/2-1/2


[Site "https://www.chess.com"]

[Event "Titled Tuesday Blitz April 4 Late 2023"]
[White "Mei, Austin"]
[Black "Djordjevic, Dejan N"]
[WhiteFideId "30948479"]
[BlackFideId "913316"]
[WhiteElo "2125"]
[BlackElo "2261"]
[Result "1-0"]
[Round "09"]
[TimeControl "180+2"]
[Date "2023.04.04"]
[WhiteClock "0:00:50"]
[BlackClock "0:00:03"]

1. e4 c5 2. Nf3 Nc6 3. Bb5 g6 4. O-O Bg7 5. Bxc6 dxc6 6. d3 e5 7. h3 Qc7 8. Be3 b6 9. a4 a5 10. Nbd2 Rb8 11. Nc4 Be6 12. c3 h6 13. Re1 Ne7 14. Qe2 O-O 15. Na3 f5 16. exf5 Nxf5 17. Bf4 exf4 18. Qxe6+ Kh7 19. Nc4 Rf6 20. Qe4 Nd6 21. Nxd6 Qxd6 22. d4 cxd4 23. Nxd4 Rbf8 24. Rad1 R8f7 25. Ne6 Qb8 26. Nd8 Rc7 27. Ne6 Rcf7 28. Rd8 Qb7 29. Nxg7 Rxg7 30. Qe8 g5 31. Qh8+ Kg6 32. Ree8 b5 33. Rg8 1-0


[Site "https://www.chess.com"]

[Event "Titled Tuesday Blitz April 4 Late 2023"]
[White "lolliNOPE"]
[Black "Dudzinski, Pawel"]
[BlackFideId "1117890"]
[WhiteElo "2167"]
[BlackElo "2099"]
[Result "1-0"]
[Round "09"]
[TimeControl "180+2"]
[Date "2023.04.04"]
[WhiteClock "0:00:30"]
[BlackClock "0:00:01"]

1. e4 c6 2. d4 d5 3. Nc3 g6 4. Nf3 Bg7 5. exd5 cxd5 6. Bd3 Nc6 7. Ne2 Bg4 8. Bb5 Bxf3 9. gxf3 e6 10. c3 Qb6 11. Bd3 Nge7 12. Ng3 h5 13. Bg5 h4 14. Ne2 O-O-O 15. b4 f6 16. Be3 Bh6 17. a4 Nf5 18. Qd2 Nxe3 19. fxe3 Ne7 20. a5 Qc7 21. b5 Qd6 22. f4 e5 23. fxe5 fxe5 24. O-O e4 25. Bc2 Nf5 26. Nf4 Rdf8 27. Bb3 Nxe3 28. Qxe3 Rxf4 29. Qh3+ Kb8 30. Rxf4 Bxf4 31. Rf1 g5 32. Qf5 Bxh2+ 33. Kh1 Bf4 34. Bxd5 e3 35. Bf3 Re8 36. Qf7 Qe7 37. Qd5 Bg3 38. a6 e2 39. Bxe2 Rd8 40. Qxb7+ Qxb7+ 41. axb7 Kxb7 42. Bf3+ Kb6 43. Be2 Re8 44. Rf6+ Kc7 45. Bf3 h3 46. Rf7+ Kb6 47. Bg2 Re1+ 48. Bf1 Bf4 49. Kg1 g4 50. Rxf4 g3 51. Rf3 g2 52. Rf5 h2+ 53. Kxg2 h1=Q+ 54. Kxh1 Rxf1+ 55. Rxf1 1-0


[Site "https://www.chess.com"]

[Event "Titled Tuesday Blitz April 4 Late 2023"]
[White "Krasteva, Beloslava"]
[Black "Veiga, Jose Francisco R P Neves"]
[WhiteFideId "2922029"]
[BlackFideId "1930087"]
[WhiteElo "2187"]
[BlackElo "2320"]
[Result "1-0"]
[Round "09"]
[TimeControl "180+2"]
[Date "2023.04.04"]
[WhiteClock "0:00:10"]
[BlackClock "0:01:13"]

1. d4 d6 2. e4 g6 3. Bd3 Bg7 4. c3 Nc6 5. f4 e5 6. d5 Nce7 7. Nf3 exf4 8. Bxf4 Nh6 9. O-O O-O 10. h3 f5 11. Qd2 fxe4 12. Bxe4 Nhf5 13. g4 g5 14. Nxg5 Nh4 15. Bxh7+ Kh8 16. Na3 Neg6 17. Be3 Bd7 18. Bxg6 Nxg6 19. Nf7+ Rxf7 20. Rxf7 Be8 21. Rff1 Qh4 22. Bd4 Ne5 23. Rae1 Bg6 24. Qf2 Qxh3 25. Qh2 Qxh2+ 26. Kxh2 Nxg4+ 27. Kg3 Ne5 28. Rh1+ Kg8 29. Nb5 Rf8 30. Nxc7 Rf3+ 31. Kg2 Rd3 32. Ne6 Bf6 33. Nf4 Rd2+ 34. Kg3 Bf5 35. Re2 Rxe2 36. Nxe2 Kf7 37. Rf1 Kg6 38. Nf4+ Kf7 39. Ne6 Bxe6 40. dxe6+ Kxe6 41. Kf4 a6 42. Bxe5 Bxe5+ 43. Ke4 d5+ 44. Kd3 Kd6 45. Rh1 Kc5 46. Rh7 b5 47. Rh6 a5 48. a3 a4 49. Rh5 Bf6 50. Rh7 Be5 51. Rb7 Kc6 52. Rf7 Kc5 53. Rf5 Bg7 54. Kc2 Kc4 55. Rh5 Kc5 56. Rh4 Be5 57. Rg4 d4 58. Rg5 Kd6 59. cxd4 Bxd4 60. Rxb5 Kc6 61. Rh5 Bc5 62. Rh4 Kb5 63. Rg4 Bd6 64. Re4 Bf8 65. Re3 Bg7 66. Rf3 Be5 67. Rf5 Kc4 68. Rxe5 Kd4 69. Re6 Kc4 70. Ra6 Kb5 71. Ra8 Kb6 72. b3 Kb5 73. bxa4+ Kb6 74. Kb3 Kb7 75. Rh8 Kb6 76. Kb4 Ka6 77. a5 Ka7 78. Kb5 Kb7 79. a6+ Ka7 80. Rh7+ Kb8 81. Kb6 Kc8 82. Rh8+ Kd7 83. a7 Kd6 84. a8=Q Ke5 85. Qe8+ Kd4 86. Qd7+ Kc3 87. Qc6+ Kb2 88. Qb5+ Ka2 89. Rh2+ Kxa3 90. Qa5+ Kb3 91. Qb5+ Kc3 92. Qc5+ Kd3 93. Rh3+ Ke4 94. Qc4+ Kf5 95. Rh5+ Kg6 96. Qg4+ Kf7 97. Rf5+ Ke6 98. Qg6+ Ke7 99. Rf7+ Ke8 100. Qg8# 1-0


[Site "https://www.chess.com"]

[Event "Titled Tuesday Blitz April 4 Late 2023"]
[White "Kovalevsky, Stanislav"]
[Black "Popov, Mikhail"]
[WhiteFideId "13508598"]
[BlackFideId "4146182"]
[WhiteElo "2174"]
[BlackElo "2244"]
[Result "0-1"]
[Round "09"]
[TimeControl "180+2"]
[Date "2023.04.04"]
[WhiteClock "0:00:19"]
[BlackClock "0:00:05"]

1. c4 Nf6 2. Nc3 d5 3. cxd5 Nxd5 4. g3 e5 5. Bg2 Nxc3 6. bxc3 Nc6 7. Nf3 e4 8. Ng1 f5 9. Nh3 Be6 10. Nf4 Bf7 11. Rb1 Rb8 12. Rb5 g6 13. h4 Bg7 14. h5 O-O 15. hxg6 hxg6 16. e3 Bf6 17. g4 a6 18. Rc5 Be7 19. gxf5 Bxc5 20. fxg6 Bxg6 21. Nxg6 Qg5 22. Bxe4 Rbe8 23. Bc2 Qg2 24. Qh5 Qxf2+ 25. Kd1 Qf3+ 26. Qxf3 Rxf3 27. Rh8+ Kf7 28. Bb3+ Kxg6 29. Rxe8 Rf1+ 30. Kc2 Bd6 31. e4 Ne5 32. d4 Rf2+ 33. Kb1 Nd3 34. Bc2 Ne1 35. e5+ Nxc2 36. exd6 cxd6 37. Re6+ Kf5 38. Rxd6 Ne1 39. Rd7 Kg6 40. Rxb7 Nd3 41. Rb6+ Kf5 42. c4 Ke4 43. Bb2 Rf1+ 44. Kc2 Rf2+ 45. Kc3 Ne1 46. c5 Rc2+ 47. Kb3 Kd3 48. c6 Rc4 49. d5 a5 50. d6 a4+ 51. Ka3 Nc2# 0-1


[Site "https://www.chess.com"]

[Event "Titled Tuesday Blitz April 4 Late 2023"]
[White "Kim, Sergey"]
[Black "liwadas82"]
[WhiteFideId "13700570"]
[WhiteElo "2518"]
[BlackElo "2472"]
[Result "1/2-1/2"]
[Round "09"]
[TimeControl "180+2"]
[Date "2023.04.04"]
[WhiteClock "0:00:11"]
[BlackClock "0:00:04"]

1. d4 Nf6 2. c4 e6 3. Nc3 Bb4 4. Qc2 O-O 5. a3 Bxc3+ 6. Qxc3 Ne4 7. Qc2 f5 8. Nf3 b6 9. g3 Bb7 10. Bg2 Nf6 11. O-O Be4 12. Qc3 Nc6 13. b3 Qe7 14. Bb2 a6 15. Bh3 b5 16. Nd2 bxc4 17. bxc4 Nd8 18. f3 Bb7 19. a4 d6 20. Bg2 Rb8 21. e4 Nc6 22. e5 dxe5 23. dxe5 Nd7 24. Ba3 Qf7 25. Bxf8 Qxf8 26. f4 Qc5+ 27. Kh1 a5 28. Nb3 Qa7 29. Rad1 Nc5 30. Nxc5 Qxc5 31. Rd7 Nb4 32. Bxb7 Rxb7 33. Qd4 Qc6+ 34. Kg1 Nc2 35. Rd8+ Kf7 36. Qd7+ Qxd7 37. Rxd7+ Kg6 38. c5 Ne3 39. Rc1 Nd5 40. Rd1 Rb4 41. h4 Rxa4 42. h5+ Kh6 43. R1xd5 exd5 44. Rxc7 Re4 45. c6 d4 46. Rd7 d3 47. Rxd3 Rc4 48. Rd6+ Kxh5 49. e6 Kg4 50. e7 Kxg3 51. Kf1 Kf3 52. Ke1 Re4+ 53. Kd2 Rxe7 54. Rd7 Re6 55. c7 Rc6 56. Rxg7 Kxf4 57. Kd3 h5 58. Kd4 Kf3 59. Kd5 Rc1 60. Ke5 f4 61. Rf7 Rc5+ 62. Kd6 Rc1 63. Ke5 Rc5+ 64. Kd6 Rc2 65. Ke5 Ke3 66. Re7 f3 67. Kd5+ Kf2 68. Kd6 Kf1 69. Re5 f2 70. Rc5 Rxc5 71. Kxc5 Ke2 72. c8=Q f1=Q 73. Qe6+ Kd1 74. Qd5+ Kc2 75. Qxh5 Qf2+ 76. Kb5 Qd2 77. Qc5+ Kb2 78. Qc4 a4 79. Qxa4 Qc3 80. Qb4+ Qb3 81. Qxb3+ Kxb3 1/2-1/2


[Site "https://www.chess.com"]